Sparkle, chaotic male elven Priest --------- *..^.....-# --------------- #|.......|### #.......%......| #---------# # ###|...%..rrr....| ### # ###########........r@....| # # ### |.......rr....| # # # #-....^.r....f.| -------------# # # #--------------- |...........-# # # # |..(........| # # ### |...........| # # # |...........| # ------### |...........-##########|....+# |.......>...| ##|..<.|# ------------- ##.....|# #|.....# #------ Sparkle the Acolyte Experience level: 4 Strength: 11 Dexterity: 13 Constitution: 13 Intelligence: 11 Wisdom: 20 Charisma: 9 Health: 0(32) Energy: 65(65) Def: 4 Gold: 1210 Moves: 2091 Dungeon seed: eOidrql65FRULPq6 Game ID: Sparkle_1614355288 Your Inventory: Coins $ - 1210 gold pieces Weapons a - a blessed +2 mace (weapon in hand) i - a +0 dwarvish mattock (alternate weapon; not wielded) k - a +0 orcish dagger D - a +0 crossbow Armor e - a +0 robe (being worn) n - a +0 small shield q - a +0 dwarvish iron helm (being worn) y - a +0 pair of leather gloves Comestibles c - a clove of garlic d - a sprig of wolfsbane l - 3 food rations A - a slime mold Scrolls j - a scroll of blank paper o - a cursed scroll of amnesia s - a blessed scroll of punishment z - a cursed scroll of blank paper G - a scroll of confuse monster H - a cursed scroll of remove curse I - a cursed scroll of identify Spellbooks f - a spellbook of light g - a spellbook of create monster J - a cursed spellbook of detect monsters Potions b - 4 potions of holy water p - a potion of extra healing r - a potion of water K - a cursed potion of speed L - 4 potions of unholy water Rings v - a cursed ring of polymorph M - a cursed ring of invisibility N - a cursed ring of levitation Wands O - a cursed wand of cancellation (0:3) Tools w - a lock pick C - 6 cursed tallow candles (0:200) Spells and supernatural/magical abilities: Name Level Category Fail Memory l - light 1 divination 0% 90% O - create monster 2 clerical 0% 90% W - pray for help -- divine ? -- X - turn undead -- divine ? -- Your skills at the end: Fighting Skills Weapon Skills mace [Basic] Spellcasting Skills clerical spells [Basic] Final Attributes: You were piously aligned. You were sleep resistant. You had infravision. You were lucky. You are dead. Vanquished creatures: a rock piercer a kobold mummy a straw golem a kitten a rabid rat a giant bat 2 wererats an acid blob a hobbit a large kobold 3 giant rats a yellow mold a green mold a red mold 2 geckos 3 jackals 2 kobolds 2 goblins 3 sewer rats 2 grid bugs 5 lichens 36 creatures vanquished. Voluntary challenges: You had been an atheist until turn 1916. You used a wielded weapon 40 times, starting on turn 61. You read items or engraved 2 times, starting on turn 758. You never genocided any monsters. You never polymorphed an object. You never changed form. You used no wishes. You never split a pudding. You never wrote Elbereth's name. You never violated your personal moral code. Dungeon overview: The Dungeons of Doom: levels 1 to 5 Level 1 a fountain a long staircase Level 2 a general store, a fountain a long staircase Level 3 a general store Level 4 Level 5 <- You were here History has recorded: On T:1 you entered the Dungeons of Doom to retrieve the Amulet of Yendor! On T:178 you advanced to experience level 2. On T:299 you reached level 2 of The Dungeons of Doom. On T:671 you advanced to experience level 3. On T:818 you reached level 3 of The Dungeons of Doom. On T:1306 you advanced to experience level 4. On T:1315 you reached level 4 of The Dungeons of Doom. On T:1720 you reached level 5 of The Dungeons of Doom. Score breakdown: Gold: 1210 (10487 points) Experience: 4 levels ( 9649 points) Exploration: 5 levels ( 10.20%) ( 8660 points) Discoveries: 5 items ( 1.74%) ( 3959 points) Valuables value: (no points given unless you survive) Artifact value: 0 ( 0 points) Variety of kills: 21 monsters ( 5.51%) ( 7043 points) Turncount: 2091 turns ( -66 points) Survival: died (score multiplied by 80%) Total score: 31785 Latest messages: You feel much better. You miss the wererat. The rabid rat bites! The sewer rat bites! The wererat bites! You hit the wererat! The rabid rat bites! The sewer rat bites! The wererat bites! You miss the wererat. The rabid rat bites! The sewer rat bites! The wererat misses. The rabid rat misses. The sewer rat bites! The wererat changes into a human. The wererat summons help! The wererat bites! You kill the wererat! The sewer rat misses. The sewer rat bites! You die... Final status: Goodbye Sparkle the Priest, killed by a sewer rat... You died in The Dungeons of Doom on dungeon level 5 with 31785 points, and 1210 pieces of gold, after 2091 moves. You were level 4 with a maximum of 32 hit points when you died.